| TOP OF THE 1ST |
|
Colorado Rockies batting - Pitching for San Diego Padres : RHP Ismael Valdez
|
|
Pitching: RHP Ismael Valdez
|
|
|
Batting: LHB Todd Helton
|
0-0: Called Strike 0-1: Ground out 4-3 (Groundball, 4, EV 81.3 MPH)
|
|
Batting: RHB Juan Gonzalez
|
0-0: Ball 1-0: Called Strike 1-1: Fly out, F8 (Flyball, 89M, EV 88.1 MPH)
|
|
Batting: SHB Bill R Mueller
|
0-0: Foul Ball, location: 2F 0-1: Foul Ball, location: 2F 0-2: Ball 1-2: Foul Ball, location: 2F 1-2: Ball 2-2: Foul Ball, location: 2F 2-2: Foul Ball, location: 2F 2-2: Fly out, F8 (Flyball, 78D, EV 75.0 MPH)
|
| Top of the 1st over - 0 runs, 0 hits, 0 errors, 0 left on base; Colorado 0 - San Diego 0 |
| BOTTOM OF THE 1ST |
|
San Diego Padres batting - Pitching for Colorado Rockies : RHP Jason Schmidt
|
|
Pitching: RHP Jason Schmidt
|
|
|
Batting: RHB Carlos Quintana
|
0-0: Swinging Strike 0-1: Called Strike 0-2: Ball 1-2: Ball 2-2: Ball 3-2: Foul Ball, location: 2F 3-2: Strikes out looking
|
|
Batting: RHB Geronimo Berroa
|
0-0: Ball 1-0: Called Strike 1-1: Ball 2-1: Swinging Strike 2-2: Foul Ball, location: 2F 2-2: Foul Ball, location: 2F 2-2: Strikes out swinging
|
|
Batting: RHB Manny Ramirez
|
0-0: Fly out, F9 (Flyball, 9LM, EV 82.5 MPH)
|
| Bottom of the 1st over - 0 runs, 0 hits, 0 errors, 0 left on base; Colorado 0 - San Diego 0 |
| TOP OF THE 2ND |
|
Colorado Rockies batting - Pitching for San Diego Padres : RHP Ismael Valdez
|
|
Batting: LHB Bob Hamelin
|
0-0: Ball 1-0: Ground out U3 (Groundball, 3, EV 90.6 MPH)
|
|
Batting: LHB David Dellucci
|
0-0: Ball 1-0: Ground out 4-3 (Groundball, 4, EV 100.0 MPH)
|
|
Batting: RHB Damion Easley
|
0-0: Called Strike 0-1: Ball 1-1: Foul Ball, location: 2F 1-2: Ball 2-2: Strikes out swinging
|
| Top of the 2nd over - 0 runs, 0 hits, 0 errors, 0 left on base; Colorado 0 - San Diego 0 |
| BOTTOM OF THE 2ND |
|
San Diego Padres batting - Pitching for Colorado Rockies : RHP Jason Schmidt
|
|
Batting: RHB Vinny Castilla
|
0-0: Foul Ball, location: 2F 0-1: Ball 1-1: Called Strike 1-2: Foul Ball, location: 2F 1-2: Ball 2-2: Ball 3-2: Strikes out looking
|
|
Batting: LHB Ed Taubensee
|
0-0: Fly out, F6 (Popup, 6M, EV 69.4 MPH)
|
|
Batting: RHB Mike Lieberthal
|
0-0: Ball 1-0: Swinging Strike 1-1: Fly out, F8 (Flyball, 8LS, EV 91.3 MPH)
|
| Bottom of the 2nd over - 0 runs, 0 hits, 0 errors, 0 left on base; Colorado 0 - San Diego 0 |
| TOP OF THE 3RD |
|
Colorado Rockies batting - Pitching for San Diego Padres : RHP Ismael Valdez
|
|
Batting: RHB Steve Gibralter
|
0-0: Ball 1-0: Ball 2-0: Called Strike 2-1: Swinging Strike 2-2: Strikes out swinging
|
|
Batting: LHB Chip Hale
|
0-0: Ball 1-0: Swinging Strike 1-1: Ground out 1-3 (Groundball, P, EV 63.1 MPH)
|
|
Batting: SHB Brian Banks
|
0-0: Foul Ball, location: 2F 0-1: Swinging Strike 0-2: Strikes out looking
|
| Top of the 3rd over - 0 runs, 0 hits, 0 errors, 0 left on base; Colorado 0 - San Diego 0 |
| BOTTOM OF THE 3RD |
|
San Diego Padres batting - Pitching for Colorado Rockies : RHP Jason Schmidt
|
|
Batting: RHB Jeff Conine
|
0-0: Ground out 5-3 (Groundball, 56, EV 101.9 MPH)
|
|
Batting: LHB Jim Edmonds
|
0-0: Ball 1-0: Swinging Strike 1-1: Foul Ball, location: 2F 1-2: Ball 2-2: Strikes out swinging
|
|
Batting: SHB Manuel Lee
|
0-0: Ground out 1-3 (Groundball, 34S, EV 85.6 MPH)
|
| Bottom of the 3rd over - 0 runs, 0 hits, 0 errors, 0 left on base; Colorado 0 - San Diego 0 |
| TOP OF THE 4TH |
|
Colorado Rockies batting - Pitching for San Diego Padres : RHP Ismael Valdez
|
|
Batting: LHB Todd Helton
|
0-0: Foul Ball, location: 2F 0-1: Ball 1-1: Ball 2-1: Called Strike 2-2: Ball 3-2: SINGLE (Line Drive, 8RS, EV 101.3 MPH)
|
|
Batting: RHB Juan Gonzalez
|
0-0: Ball 1-0: Called Strike 1-1: Foul Ball, location: 2F 1-2: Ball 2-2: Strikes out swinging
|
|
Batting: SHB Bill R Mueller
|
0-0: Ball 1-0: Called Strike 1-1: Ball 2-1: Ball 3-1: Foul Ball, location: 2F 3-2: Foul Ball, location: 2F 3-2: DOUBLE (Flyball, 8LXD, EV 100.6 MPH) Todd Helton to third Runner from 3rd tries for Home, SAFE, throw by CF to trailing runner, SAFE at third!
|
|
Batting: LHB Bob Hamelin
|
0-0: Called Strike 0-1: Called Strike 0-2: Strikes out swinging, 2-3 out at first.
|
|
Batting: LHB David Dellucci
|
0-0: Called Strike 0-1: Ground out 6-3 (Groundball, 56, EV 86.3 MPH)
|
| Top of the 4th over - 1 run, 2 hits, 0 errors, 1 left on base; Colorado 1 - San Diego 0 |
| BOTTOM OF THE 4TH |
|
San Diego Padres batting - Pitching for Colorado Rockies : RHP Jason Schmidt
|
|
Batting: RHB Carlos Quintana
|
0-0: Ball 1-0: Ball 2-0: Ball 3-0: Called Strike 3-1: Swinging Strike 3-2: Base on Balls
|
|
Batting: RHB Geronimo Berroa
|
0-0: Called Strike 0-1: Foul Ball, location: 2F 0-2: Ball 1-2: Strikes out swinging
|
|
Batting: RHB Manny Ramirez
|
0-0: Called Strike 0-1: Ball 1-1: Swinging Strike 1-2: Ball 2-2: Strikes out swinging
|
|
Batting: RHB Vinny Castilla
|
0-0: Called Strike 0-1: Swinging Strike 0-2: Hit by Pitch Carlos Quintana to second
|
|
Batting: LHB Ed Taubensee
|
0-0: Ball 1-0: Called Strike 1-1: Ball 2-1: Ball Wild Pitch! Carlos Quintana to third Vinny Castilla to second 3-1: Base on Balls
|
|
Batting: RHB Mike Lieberthal
|
0-0: Ball 1-0: Ball 2-0: Foul Ball, location: 2F 2-1: Ground out U3 (Groundball, 34S, EV 83.1 MPH)
|
| Bottom of the 4th over - 0 runs, 0 hits, 0 errors, 3 left on base; Colorado 1 - San Diego 0 |
| TOP OF THE 5TH |
|
Colorado Rockies batting - Pitching for San Diego Padres : RHP Ismael Valdez
|
|
Batting: RHB Damion Easley
|
0-0: Called Strike 0-1: Ball 1-1: SOLO HOME RUN (Flyball, 78XD, EV 100.0 MPH), Distance : 379 ft
|
|
Batting: RHB Steve Gibralter
|
0-0: Ground out 5-3 (Groundball, 56, EV 97.5 MPH)
|
|
Batting: LHB Chip Hale
|
0-0: Swinging Strike 0-1: Ball 1-1: Called Strike 1-2: Foul Ball, location: 2F 1-2: Ball 2-2: Ground out U3 (Groundball, 3, EV 75.6 MPH)
|
|
Batting: SHB Brian Banks
|
0-0: Ball 1-0: Called Strike 1-1: Swinging Strike 1-2: Strikes out looking
|
| Top of the 5th over - 1 run, 1 hit, 0 errors, 0 left on base; Colorado 2 - San Diego 0 |
| BOTTOM OF THE 5TH |
|
San Diego Padres batting - Pitching for Colorado Rockies : RHP Jason Schmidt
|
|
Batting: RHB Jeff Conine
|
0-0: Ball 1-0: Fly out, F7 (Flyball, 78M, EV 78.1 MPH)
|
|
Batting: LHB Jim Edmonds
|
0-0: Foul Ball, location: 2F 0-1: Ball 1-1: Foul Ball, location: 2F 1-2: Ground out 1-3 (Groundball, 34S, EV 92.5 MPH)
|
|
Batting: SHB Manuel Lee
|
0-0: SINGLE (Line Drive, 8RS, EV 93.1 MPH)
|
|
Batting: RHB Carlos Quintana
|
0-0: Called Strike 0-1: Called Strike 0-2: Fly out, F9 (Line Drive, 9D, EV 96.9 MPH)
|
| Bottom of the 5th over - 0 runs, 1 hit, 0 errors, 1 left on base; Colorado 2 - San Diego 0 |
| TOP OF THE 6TH |
|
Colorado Rockies batting - Pitching for San Diego Padres : RHP Ismael Valdez
|
|
Batting: LHB Todd Helton
|
0-0: Called Strike 0-1: Ball 1-1: Ball 2-1: Called Strike 2-2: Strikes out swinging
|
|
Batting: RHB Juan Gonzalez
|
0-0: Swinging Strike 0-1: Swinging Strike 0-2: Strikes out swinging
|
|
Batting: SHB Bill R Mueller
|
0-0: Ball 1-0: Called Strike 1-1: Ball 2-1: Ground out 1-3 (Groundball, 13S, EV 75.0 MPH)
|
| Top of the 6th over - 0 runs, 0 hits, 0 errors, 0 left on base; Colorado 2 - San Diego 0 |
| BOTTOM OF THE 6TH |
|
San Diego Padres batting - Pitching for Colorado Rockies : RHP Jason Schmidt
|
|
Batting: RHB Geronimo Berroa
|
0-0: Ball 1-0: Called Strike 1-1: Ball 2-1: Ball 3-1: Called Strike 3-2: Base on Balls
|
|
Batting: RHB Manny Ramirez
|
0-0: Ball 1-0: Foul Ball, location: 2F 1-1: Called Strike 1-2: Foul Ball, location: 2F 1-2: Foul Ball, location: 2F 1-2: Fly out, F8 (Flyball, 8RM, EV 93.1 MPH)
|
|
Batting: RHB Vinny Castilla
|
0-0: Ball 1-0: Swinging Strike 1-1: Called Strike 1-2: Strikes out swinging
|
|
Batting: LHB Ed Taubensee
|
0-0: DOUBLE (Line Drive, 7LM, EV 103.1 MPH) Geronimo Berroa to third Runner from 3rd tries for Home, SAFE, throw by LF to trailing runner, SAFE at third!
|
|
Batting: RHB Mike Lieberthal
|
0-0: Called Strike 0-1: Ball 1-1: Ball 2-1: Fly out, F7 (Line Drive, 7, EV 85.6 MPH)
|
| Bottom of the 6th over - 1 run, 1 hit, 0 errors, 1 left on base; Colorado 2 - San Diego 1 |
| TOP OF THE 7TH |
|
Colorado Rockies batting - Pitching for San Diego Padres : RHP Ismael Valdez
|
|
Batting: LHB Bob Hamelin
|
0-0: Fly out, F8 (Line Drive, 8RD, EV 92.5 MPH)
|
|
Batting: LHB David Dellucci
|
0-0: Called Strike 0-1: Called Strike 0-2: Ball 1-2: Ball 2-2: Strikes out swinging
|
|
Batting: RHB Damion Easley
|
0-0: Ground out 3-1 (Groundball, 34, EV 90.0 MPH)
|
| Top of the 7th over - 0 runs, 0 hits, 0 errors, 0 left on base; Colorado 2 - San Diego 1 |
| BOTTOM OF THE 7TH |
|
San Diego Padres batting - Pitching for Colorado Rockies : RHP Jason Schmidt
|
|
Batting: RHB Jeff Conine
|
0-0: SINGLE (Groundball, 4MD, EV 95.6 MPH)
|
|
Pitching: LHP Jason Christiansen
|
|
|
Batting: LHB Jim Edmonds
|
0-0: Ball 1-0: Ball 2-0: Called Strike 2-1: Foul Ball, location: 2F 2-2: Strikes out looking
|
|
Pinch Hitting: RHB Andres Galarraga
|
0-0: Called Strike 0-1: Ball 1-1: Ball 2-1: Ball 3-1: Base on Balls Jeff Conine to second
|
|
Batting: RHB Carlos Quintana
|
0-0: Ball 1-0: Foul Ball, location: 2F 1-1: Swinging Strike 1-2: Strikes out looking
|
|
Batting: RHB Geronimo Berroa
|
0-0: Ground out 4-3 (Groundball, 4, EV 98.8 MPH)
|
| Bottom of the 7th over - 0 runs, 1 hit, 0 errors, 2 left on base; Colorado 2 - San Diego 1 |
| TOP OF THE 8TH |
|
Colorado Rockies batting - Pitching for San Diego Padres : RHP Ismael Valdez
|
|
Pitching: RHP Dave Veres
|
|
|
Now at SS: Craig Grebeck
|
|
|
Batting: RHB Steve Gibralter
|
0-0: Ball 1-0: Fly out, F7 (Flyball, 7LMF, EV 110.0 MPH)
|
|
Batting: LHB Chip Hale
|
0-0: Fly out, F9 (Flyball, 9S, EV 82.5 MPH)
|
|
Batting: SHB Brian Banks
|
0-0: Ball 1-0: Swinging Strike 1-1: Fly out, F8 (Flyball, 8LD, EV 75.0 MPH)
|
| Top of the 8th over - 0 runs, 0 hits, 0 errors, 0 left on base; Colorado 2 - San Diego 1 |
| BOTTOM OF THE 8TH |
|
San Diego Padres batting - Pitching for Colorado Rockies : LHP Jason Christiansen
|
|
Batting: RHB Manny Ramirez
|
0-0: Called Strike 0-1: Swinging Strike 0-2: Strikes out swinging
|
|
Batting: RHB Vinny Castilla
|
0-0: Foul Ball, location: 2F 0-1: Called Strike 0-2: Ball 1-2: Foul Ball, location: 2F 1-2: Ground out 6-3 (Groundball, 6, EV 91.9 MPH)
|
|
Batting: LHB Ed Taubensee
|
0-0: Fly out, F7 (Flyball, 78S, EV 96.3 MPH)
|
| Bottom of the 8th over - 0 runs, 0 hits, 0 errors, 0 left on base; Colorado 2 - San Diego 1 |
| TOP OF THE 9TH |
|
Colorado Rockies batting - Pitching for San Diego Padres : RHP Dave Veres
|
|
Batting: LHB Todd Helton
|
0-0: Called Strike 0-1: Ball 1-1: Ball 2-1: Ball 3-1: Foul Ball, location: 2F 3-2: Fly out, F8 (Flyball, 8LD, EV 96.9 MPH)
|
|
Batting: RHB Juan Gonzalez
|
0-0: Ball 1-0: SINGLE (Groundball, 6MD, EV 98.1 MPH)
|
|
Batting: SHB Bill R Mueller
|
0-0: Ball 1-0: Fly out, F7 (Flyball, 78S, EV 77.5 MPH)
|
|
Batting: LHB Bob Hamelin
|
0-0: Ball 1-0: Called Strike 1-1: Foul Ball, location: 2F 1-2: Ball 2-2: Foul Ball, location: 2F 2-2: Fly out, F9 (Flyball, 89M, EV 90.0 MPH)
|
| Top of the 9th over - 0 runs, 1 hit, 0 errors, 1 left on base; Colorado 2 - San Diego 1 |
| BOTTOM OF THE 9TH |
|
San Diego Padres batting - Pitching for Colorado Rockies : LHP Jason Christiansen
|
|
Pitching: LHP Joey Eischen
|
|
|
Batting: RHB Mike Lieberthal
|
0-0: Called Strike 0-1: Called Strike 0-2: Ball 1-2: Foul Ball, location: 2F 1-2: Ball 2-2: Ball 3-2: Fly out, F7 (Flyball, 7LM, EV 88.8 MPH)
|
|
Batting: RHB Jeff Conine
|
0-0: Called Strike 0-1: Ball 1-1: Foul Ball, location: 2F 1-2: Strikes out looking
|
|
Batting: LHB Jim Edmonds
|
0-0: Fly out, F7 (Flyball, 7D, EV 97.5 MPH)
|
| Bottom of the 9th over - 0 runs, 0 hits, 0 errors, 0 left on base; Colorado 2 - San Diego 1 |
|